 Dungeon Sprint DCSS version 0.28.0-53-g5a82cb258f (webtiles) character file.

Game seed: 5905163426245984428

604 Descartes the Grappler (level 7, -12/117 HPs)
             Began as a Troll Berserker on May 29, 2022.
             Was a Priest of Trog.
             Mangled by Sonja
             ... wielding a +0 dagger of distortion
              (14 damage)
             ... in the Dungeon (Sprint I: "Red Sonja").
             The game lasted 00:01:38 (210 turns).

Descartes the Grappler (Troll Berserker)             Turns: 210, Time: 00:01:39

Health: -12/117    AC:  6    Str: 28    XL:     7   Next: 18%
Magic:  6/6        EV: 11    Int:  3    God:    Trog [***...]
Gold:   297        SH:  0    Dex:  9    Spells: 6/6 levels left

rFire   . . .      SeeInvis .     - Unarmed
rCold   + . .      Faith    .   (no shield)
rNeg    . . .      Spirit   .   i - +2 robe {rC+}
rPois   .          Reflect  .   (helmet restricted)
rElec   .          Harm     .   (no cloak)
rCorr   .          Rampage  .   (gloves unavailable)
Will    .....      NoTele   +   (boots unavailable)
Stlth   ..........              (no amulet)
HPRegen 1.09/turn               (no ring)
MPRegen 0.10/turn               (no ring)

@: berserking, lethally poisoned (-12 -> -16), slowed
A: large, unfitting armour, claws 3, regeneration 1, shaggy fur 1, tough skin 1
a: Renounce Religion, Berserk, Trog's Hand


You were in the Dungeon.
You worshipped Trog.
Trog was most pleased with you.
You visited 1 branch You collected 297 gold pieces.

Inventory:

Armour
 a - a +0 animal skin
 i - a +2 robe of cold resistance (worn)
Wands
 h - a wand of polymorph (8)
Scrolls
 g - a scroll of blinking
Potions
 b - a potion of curing
 c - a potion of heal wounds
 d - a potion of haste
 e - 2 potions of magic
 f - a potion of berserk rage


   Skills:
 + Level 7.5 Fighting
 + Level 7.6 Dodging
 + Level 10.4 Unarmed Combat


You had 6 spell levels left.
You didn't know any spells.
Your spell library was empty.

Dungeon Overview and Level Annotations

Branches:
Dungeon (1/1)

Altars:
Cheibriados
Dithmenos
Elyvilon
Fedhas
Gozag
Hepliaklqana
Kikubaaqudgha
Makhleb
Nemelex Xobeh
Okawaru
Qazlal
Ru
Sif Muna
Trog
Uskayaw
Vehumet
Wu Jian
Xom
Yredelemnul
Zin
The Shining One
Jiyva
Lugonu

Shops:
D :

Annotations:
D Sonja


Innate Abilities, Weirdness & Mutations

You are too large for most types of armour.
You have claws for hands.
Your natural rate of healing is unusually fast.
You are covered in fur. (AC +1)
You have tough skin. (AC +1)


Message History

You are more poisoned.
You have difficulty breathing.
You feel as though you will be slow longer.
Found 54 gold pieces.
Found 54 gold pieces.
You feel extremely sick.
Sonja throws a curare-tipped dart.
The curare-tipped dart hits you.
You are more poisoned.
You have difficulty breathing.
You feel as though you will be slow longer.
There is an open door here.
A red film seems to cover your vision as you go berserk!
You feel yourself moving faster!
You feel mighty!
You feel extremely sick.
Sonja hits you with a +0 dagger of distortion. x2
* * * LOW HITPOINT WARNING * * *
Sonja hits you with a +0 dagger of distortion.
* * * LOW HITPOINT WARNING * * *
Space warps horribly around you!
* * * LOW HITPOINT WARNING * * *
Okay, then.
You mangle Sonja!!
Sonja is severely wounded.
You feel very sick.
Sonja drinks a potion.
Sonja is healed!
You miss Sonja.
You feel very sick.
Sonja hits you with a +0 dagger of distortion.
* * * LOW HITPOINT WARNING * * *
Sonja hits you with a +0 dagger of distortion.
* * * LOW HITPOINT WARNING * * *
Sonja barely misses you.
You miss Sonja. Your claw misses Sonja.
* * * LOW HITPOINT WARNING * * *
You feel very sick. Sonja closely misses you.
Sonja hits you with a +0 dagger of distortion.
* * * LOW HITPOINT WARNING * * *
Space warps horribly around you!
You die...

#<.#..)..#..'..#__#
#..)..#..').#..'..+
#..#####'#####'#__#
#..####..#...#?####
#..#__####..##=#
#..#_____##'#_.+
#⌠⌠#_.∩..†'..._#
####_..__##_.#+#
#_____###@# #######
#K# $.$ #$.$# ##.##
#+#


You could see Sonja.

Vanquished Creatures
  A slime creature (D)
  Sigmund (D)
  A yak (D)
  An ogre (D)
  A jelly (D)
  Ijyb (D)
6 creatures vanquished.

Notes
Turn   | Place    | Note
-------+----------+-------------------------------------------
     0 | D        | Descartes the Troll Berserker began the quest for the Orb.
     0 | D        | Reached XP level 1. HP: 22/22 MP: 0/0
     1 | D        | Noticed Ijyb
    13 | D        | Killed Ijyb
    14 | D        | Reached skill level 4 in Unarmed Combat
    14 | D        | Reached XP level 2. HP: 27/31 MP: 1/1
    60 | D        | Noticed an ogre
    63 | D        | Killed an ogre
    64 | D        | Reached skill level 6 in Unarmed Combat
    64 | D        | Reached XP level 3. HP: 41/41 MP: 2/2
    64 | D        | Reached XP level 4. HP: 49/49 MP: 3/3
   113 | D        | Noticed Sigmund
   122 | D        | Killed Sigmund
   122 | D        | Reached ** piety under Trog
   123 | D        | Reached skill level 8 in Unarmed Combat
   123 | D        | Reached XP level 5. HP: 51/59 MP: 4/4
   123 | D        | Reached XP level 6. HP: 59/67 MP: 5/5
   147 | D        | Found a burning altar of Makhleb.
   147 | D        | Found a viscous altar of Jiyva.
   147 | D        | Found a shimmering altar of Xom.
   147 | D        | Found a corrupted altar of Lugonu.
   147 | D        | Noticed a slime creature
   156 | D        | Killed a slime creature
   157 | D        | Reached skill level 9 in Unarmed Combat
   159 | D        | Found an ornate altar of the Wu Jian Council.
   159 | D        | Found a shimmering blue altar of Sif Muna.
   161 | D        | Found a radiant altar of Vehumet.
   183 | D        | Found Vitiypt's Book Emporium.
   183 | D        | Found an ancient bone altar of Kikubaaqudgha.
   183 | D        | Found a hazy altar of Hepliaklqana.
   183 | D        | Found a hide-covered altar of Uskayaw.
   183 | D        | Found a basalt altar of Yredelemnul.
   183 | D        | Found an opulent altar of Gozag.
   183 | D        | Found a snail-covered altar of Cheibriados.
   183 | D        | Found a sacrificial altar of Ru.
   183 | D        | Found a shadowy altar of Dithmenos.
   183 | D        | Noticed a yak
   184 | D        | Found a stormy altar of Qazlal.
   184 | D        | Found a blossoming altar of Fedhas.
   184 | D        | Found a bloodstained altar of Trog.
   184 | D        | Found an iron altar of Okawaru.
   184 | D        | Found a glowing golden altar of the Shining One.
   184 | D        | Found a glowing silver altar of Zin.
   184 | D        | Found a white marble altar of Elyvilon.
   191 | D        | Killed a yak
   191 | D        | Reached *** piety under Trog
   192 | D        | Reached skill level 10 in Unarmed Combat
   192 | D        | Reached XP level 7. HP: 47/78 MP: 6/6
   192 | D        | Found a sparkling altar of Nemelex Xobeh.
   205 | D        | Noticed Sonja
   210 | D        | HP: 2/117 [Sonja/+0 dagger of distortion (4)]
   210 | D        | Mangled by Sonja

Illustrated notes

Levels and vault maps discovered:
D:        dungeon_sprint_1 [red_sonja_temple_1, red_sonja_temple_small_1]

Skill      XL: |  1  2  3  4  5  6 |
---------------+-------------------+-----
Fighting       | 3 4 6 7 |  7.5
Dodging        | 3 4 6 7 |  7.6
Unarmed Combat | 4 6 8 10 | 10.4

Action                   |  1- 3 |  4- 6 |  7- 9 || total
-------------------------+-------+-------+-------++-------
Melee: Unarmed           |    13 |    26 |     3 ||    42
Invok: Berserk           |     2 |       |     1 ||     3
Armor: Robe              |       |     2 |       ||     2
Dodge: Dodged            |     1 |     8 |     2 ||    11
